[Event "Late-Titled-Tuesday-Blitz-January-23-2024"]
[Site "Chess.com"]
[Date "2024.01.23"]
[Round "1"]
[White "Ellaijio_B"]
[Black "cthulhuuu"]
[Result "1-0"]
[WhiteElo "2745"]
[BlackElo "2426"]
[TimeControl "180+1"]
[EndTime "14:06:37 PST"]
[Termination "Ellaijio_B won on time"]

1. e4 d6 2. d4 Nf6 3. Nc3 c6 4. f4 Qb6 5. Be2 e5 6. Nf3 Nbd7 7. O-O Be7 8. Kh1 O-O 9. Rb1 Re8 10. Be3 Bf8 11.
Qd3 Ng4 12. fxe5 Nxe3 13. Qxe3 dxe5 14. Ng5 exd4 15. Qf4 Ne5 16. Nxf7 Ng6 17. Nh6+ Kh8 18. Nf7+ Kg8 19. Qf3 dxc3 20. Ng5 Ne5 21. Bc4+ Be6 22.
Qh5 h6 23. Bxe6+ Rxe6 24. Nxe6 1-0

[Event "Late-Titled-Tuesday-Blitz-January-23-2024"]
[Site "Chess.com"]
[Date "2024.01.23"]
[Round "1"]
[White "SmirnovTimofey2000"]
[Black "Siemba"]
[Result "0-1"]
[WhiteElo "1956"]
[BlackElo "2548"]
[TimeControl "180+1"]
[EndTime "14:06:40 PST"]
[Termination "Siemba won by resignation"]

1. e4 e5 2. Nf3 Nc6 3. Bc4 Nf6 4. Ng5 d5 5. exd5 Na5 6. Bb5+ c6 7. dxc6 bxc6 8. Bd3 Nd5 9. Nf3 Bd6 10. O-O O-O 11.
Nc3 f5 12. Be2 e4 13. Ne1 Qc7 14. g3 Be6 15. Ng2 Rab8 16. d3 exd3 17. Nxd5 dxe2 18.
Nxc7 exd1=Q 19. Rxd1 Bxc7 20. c3 Nc4 21. Nf4 Bxf4 22.
Bxf4 Rxb2 23. Re1 Bd5 24. a4 Nd2 25. Bxd2 Rxd2 26. a5 Rc2 27. Rec1 Rxc1+ 28. Rxc1 f4 29. Kf1 fxg3 30. hxg3 Bc4+ 31. Ke1 Re8+ 32. Kd2 Re2+ 0-1

[Event "Late-Titled-Tuesday-Blitz-January-23-2024"]
[Site "Chess.com"]
[Date "2024.01.23"]
[Round "1"]
[White "TanitoluwaAps116"]
[Black "jup1978"]
[Result "1-0"]
[WhiteElo "2726"]
[BlackElo "2403"]
[TimeControl "180+1"]
[EndTime "14:06:43 PST"]
[Termination "TanitoluwaAps116 won by resignation"]

1. e4 e5 2. Nf3 Nf6 3. Nc3 Nc6 4. Bb5 Bc5 5. Bxc6 dxc6 6. d3 h6 7. O-O Bd6 8. h3 Be6 9. Be3 c5 10. Nd2 Qd7 11. Nc4 O-O-O 12. a4 g5 13. a5 a6 14. Qf3 Qe7 15. Qe2 Rdg8 16. b4 cxb4 17. Nxd6+ Qxd6 18. Na4 g4 19. h4 g3 20. f4 Bg4 21. Qe1 Nh5 22.
fxe5 Qxe5 23. Nc5 Qc3 24. Qxc3 bxc3 25. Rxf7 Rg7 26. Rxg7 Nxg7 27. Bd4 Rg8 28. Bxc3 Ne6 29. Nxe6 Bxe6 30. Rf1 Kd7 31. Rf6 h5 32. Be5 Rg4 33. Rh6 c5 34. Rxh5 Rg6 35. Rh7+ Kc6 36. c4 Bd7 37. h5 Rg8 38. h6 Rd8 39. Re7 Re8 40. Rxe8 Bxe8 41. h7 1-0

[Event "Late-Titled-Tuesday-Blitz-January-23-2024"]
[Site "Chess.com"]
[Date "2024.01.23"]
[Round "1"]
[White "chito89"]
[Black "Actuary44"]
[Result "1-0"]
[WhiteElo "2887"]
[BlackElo "2484"]
[TimeControl "180+1"]
[EndTime "14:06:45 PST"]
[Termination "chito89 won by resignation"]

1. e4 b6 2. d4 Bb7 3. Bd3 e6 4. Nf3 Nf6 5. Qe2 d5 6. exd5 Nxd5 7. a3 Be7 8. O-O h6 9. Re1 Nd7 10. c4 N5f6 11. Nc3 O-O 12. b4 Re8 13. Bb2 a5 14. b5 c5 15. bxc6 Bxc6 16. Rad1 Qc7 17. h3 Nh5 18. d5 exd5 19. cxd5 Nf4 20. Qd2 Nxd5 21.
Bb5 N5f6 22. Rc1 Bxf3 23. Nd5 Qxc1 24. Nxe7+ Rxe7 25. Rxc1 Bd5 26. Bxd7 Rxd7 27. Bxf6 gxf6 28. Qxh6 Re8 29. Rc3 Be4 30. Rg3+ Bg6 31. Rxg6+ fxg6 32. Qxg6+ Kf8 33. Qxf6+ Kg8 34. Qg6+ Kf8 35. Qxb6 Re5 36. Qf6+ 1-0

[Event "Late-Titled-Tuesday-Blitz-January-23-2024"]
[Site "Chess.com"]
[Date "2024.01.23"]
[Round "1"]
[White "vladoboch"]
[Black "dozer80"]
[Result "0-1"]
[WhiteElo "2399"]
[BlackElo "2714"]
[TimeControl "180+1"]
[EndTime "14:06:47 PST"]
[Termination "dozer80 won by resignation"]

1. e4 c5 2. Nf3 d6 3. d4 cxd4 4. Nxd4 Nf6 5. Nc3 Nc6 6. f3 e5 7.
Nb3 Be7 8. Be3 O-O 9. Be2 a5 10. a4 Be6 11. Nd5 Bxd5 12. exd5 Nb4 13. c4 b6 14. O-O Nd7 15. Qd2 Nc5 16. Nxc5 bxc5 17.
f4 Bf6 18. fxe5 Bxe5 19. Bf4 Re8 20. Ra3 Bxf4 21. Rxf4 Qg5 22. Bf1 Re4 23. Raf3 Rxf4 24. Rxf4 g6 25. Qf2 Ra7 26. Rf6 Qe5 27. h4 Kg7 28.
Rf3 Re7 29. Rh3 h5 30. Kh1 Qe1 31. Qg1 Qc1 32. Rf3 Nc2 33. Bd3 Re1 34. Rf1 Rxf1 35. Qxf1 Qxf1+ 36. Bxf1 Kf6 37. Kg1 Ke5 38.
Kf2 Kd4 39. Be2 Ne3 40. g3 Nxc4 41. b3 Nd2 42. Bb5 Kxd5 43. Ke3 Nxb3 44. Bc4+ Kxc4 0-1

[Event "Late-Titled-Tuesday-Blitz-January-23-2024"]
[Site "Chess.com"]
[Date "2024.01.23"]
[Round "1"]
[White "MajorCoast"]
[Black "Ajedrecista3000"]
[Result "1/2-1/2"]
[WhiteElo "2231"]
[BlackElo "2575"]
[TimeControl "180+1"]
[EndTime "14:06:48 PST"]
[Termination "Game drawn by repetition"]

1. c3 e5 2. d4 exd4 3. cxd4 d5 4. Nc3 c6 5. Bf4 Bf5 6. e3 Nd7 7. Bd3 Bxd3 8. Qxd3 Ngf6 9. Nge2 Be7 10. h3 O-O 11.
O-O Re8 12. Rab1 a5 13. a3 b5 14. Rfc1 Nb6 15. Nxb5 cxb5 16. Bc7 Qd7 17. Bxb6 b4 18.
Bc5 Bxc5 19. Rxc5 Ne4 20. Rc2 Reb8 21. Rbc1 Rb7 22. Nf4 g6 23. axb4 Rxb4 24. Rc7 Qf5 25. f3 Ng3 26. Qxf5 Nxf5 27. Nxd5 Rxb2 28. Ne7+ Nxe7 29.
Rxe7 a4 30. Rcc7 a3 31. Ra7 Rbb8 32. Rxf7 a2 33. Rg7+ Kf8 34. Rgf7+ Kg8 35. Rg7+ Kf8 36. Raf7+ Ke8 37. Re7+ Kd8 38. Rd7+ Ke8 39. Rde7+ Kd8 40. Rd7+ Ke8 41. Rge7+ Kf8 42. Rf7+ Kg8 43. Rg7+ Kf8 44.
Rdf7+ Ke8 45. Re7+ 1/2-1/2

[Event "Late-Titled-Tuesday-Blitz-January-23-2024"]
[Site "Chess.com"]
[Date "2024.01.23"]
[Round "1"]
[White "IngOscarArdila"]
[Black "Goryachkina"]
[Result "0-1"]
[WhiteElo "2387"]
[BlackElo "2695"]
[TimeControl "180+1"]
[EndTime "14:06:49 PST"]
[Termination "Goryachkina won by checkmate"]

1. d4 Nf6 2. c4 e6 3. Nc3 Bb4 4. Qc2 d5 5. Bg5 h6 6. Bxf6 Qxf6 7. Nf3 O-O 8. e3 Rd8 9. a3 Bf8 10. cxd5 exd5 11. Bd3 c6 12. O-O Bd6 13. Ne2 Bg4 14. Nd2 Bxe2 15. Bxe2 Nd7 16. Nf3 Qe7 17. b4 Nf6 18. b5 c5 19. dxc5 Bxc5 20. Qb2 Ne4 21.
Rfd1 Rac8 22. Nd4 Qf6 23. Bf3 Bb6 24. Rac1 Rxc1 25. Qxc1 g6 26. Qc2 Ng5 27. Be2 h5 28.
Qb3 h4 29. h3 Ne4 30. Bf3 Bc7 31. Bxe4 dxe4 32. Ne2 Rxd1+ 33. Qxd1 Qe5 34. Nf4 Qxb5 35. Nd5 Be5 36. a4 Qc4 37. Kh1 Kg7 38. Ne7 Qd3 39. Qb1 Qxb1# 0-1

[Event "Late-Titled-Tuesday-Blitz-January-23-2024"]
[Site "Chess.com"]
[Date "2024.01.23"]
[Round "1"]
[White "LiemLe"]
[Black "traviscottofficial"]
[Result "1-0"]
[WhiteElo "3111"]
[BlackElo "2540"]
[TimeControl "180+1"]
[EndTime "14:06:50 PST"]
[Termination "LiemLe won by resignation"]

1. Nf3 Nf6 2. c4 g6 3. Nc3 Bg7 4. e4 O-O 5. d4 d6 6. Be2 e5 7.
O-O Nc6 8. Be3 Ng4 9. Bg5 f6 10. Bc1 f5 11. dxe5 Ngxe5 12. exf5 Bxf5 13. Be3 Qd7 14. Nxe5 Bxe5 15. Qd2 Bg4 16. f3 Be6 17. f4 Bg7 18. Rae1 Bg4 19. Nd5 Bxe2 20. Rxe2 Rf7 21. Rfe1 Raf8 22. Bf2 Kh8 23. b4 b6 24. h3 a5 25. b5 Nb4 26. Re7 Qd8 27. Bh4 Qc8 28. Rxf7 Rxf7 29. Ne7 Qf8 30. f5 gxf5 31. a3 Be5 32. axb4 axb4 33. Nd5 b3 34. Rb1 b2 35. Rxb2 Bxb2 36. Qxb2+ Kg8 37. Nf6+ Kh8 38. Nd7+ Qg7 39. Bf6 1-0

[Event "Late-Titled-Tuesday-Blitz-January-23-2024"]
[Site "Chess.com"]
[Date "2024.01.23"]
[Round "1"]
[White "Walter_White_Poland"]
[Black "Megagigahiper3345"]
[Result "0-1"]
[WhiteElo "2352"]
[BlackElo "2665"]
[TimeControl "180+1"]
[EndTime "14:06:51 PST"]
[Termination "Megagigahiper3345 won on time"]

1. e4 g6 2. d4 Bg7 3. Nc3 a6 4.
a4 b6 5. Nf3 Bb7 6. Bc4 e6 7.
d5 Ne7 8. O-O O-O 9. Bf4 exd5 10. exd5 d6 11. Qd2 Nd7 12. Bh6 Nf6 13. Bxg7 Kxg7 14.
Rad1 Qd7 15. Qd4 Nf5 16. Qf4 h5 17. h3 Rae8 18. Rfe1 Rxe1+ 19. Rxe1 Re8 20. Rxe8 Qxe8 21. Kh2 Qh8 22. Bd3 Ne7 23. Qd4 Kg8 24. Kg1 Nfxd5 25. Nxd5 Nxd5 26. Qe4 Qxb2 27. Kh2 Qf6 28. g3 c6 29. Qe8+ Kg7 30. Be4 Qe7 31. Qxe7 Nxe7 32. c4 d5 33. cxd5 cxd5 34. Bd3 Nc6 35. Kg1 f6 36. Kf1 Ne5 37. Ne1 Nxd3 38. Nxd3 Bc6 0-1

[Event "Late-Titled-Tuesday-Blitz-January-23-2024"]
[Site "Chess.com"]
[Date "2024.01.23"]
[Round "1"]
[White "Igor_Lysyj"]
[Black "DvaHrasta"]
[Result "1-0"]
[WhiteElo "2882"]
[BlackElo "2480"]
[TimeControl "180+1"]
[EndTime "14:06:52 PST"]
[Termination "Igor_Lysyj won on time"]

1. d4 Nf6 2. c4 e6 3. Nf3 d5 4. g3 Bb4+ 5. Bd2 Be7 6. Bg2 O-O 7. O-O c6 8. Qc2 b5 9. c5 a5 10. Bf4 b4 11. Nbd2 Ba6 12. Rfe1 Nbd7 13. e4 dxe4 14. Nxe4 Nxe4 15. Qxe4 Bb5 16. a4 bxa3 17. bxa3 Nf6 18. Qc2 a4 19. Red1 Nd5 20. Bc1 Bf6 21. h4 h6 22. Re1 Qa5 23. Bd2 Qa6 24. Ne5 Bxe5 25. Rxe5 Bd3 26. Qc1 Kh7 27. Bxh6 f6 28. Rxe6 gxh6 29.
Bxd5 cxd5 30. Rxa6 Rxa6 31. Qc3 Bg6 32. c6 Rc8 33. c7 Rb6 34. Rc1 Be4 35. Qc5 Re6 36. Qb5 Re7 37. Qb7 Ree8 38. Kh2 h5 39. Qc6 Kg6 40. Qxe8+ 1-0

[Event "Late-Titled-Tuesday-Blitz-January-23-2024"]
[Site "Chess.com"]
[Date "2024.01.23"]
[Round "1"]
[White "Andrii_Prydun"]
[Black "Harry_Rakkel"]
[Result "0-1"]
[WhiteElo "2383"]
[BlackElo "2692"]
[TimeControl "180+1"]
[EndTime "14:06:53 PST"]
[Termination "Harry_Rakkel won on time"]

1. e4 c6 2. d4 d5 3. e5 Bf5 4. h4 Qb6 5. Nc3 h6 6. Nf3 e6 7. Bd3 Ne7 8. Ne2 a5 9. Rb1 Bxd3 10. cxd3 Na6 11. g4 Nc8 12. h5 Be7 13. g5 hxg5 14. Bxg5 Bxg5 15. Nxg5 Ne7 16. Nf3 Nf5 17. Kf1 Nc7 18.
Qd2 Qb5 19. b3 Qb4 20. Qc1 Nb5 21. Qf4 a4 22. Ng3 Nfxd4 23. Ng5 Qe7 24. bxa4 Rxa4 25.
Ne2 Rxa2 26. Nxd4 Nxd4 27. Rg1 c5 28. Nf3 Ne2 29. Qe3 Nxg1 0-1

[Event "Late-Titled-Tuesday-Blitz-January-23-2024"]
[Site "Chess.com"]
[Date "2024.01.23"]
[Round "1"]
[White "IndianSchoolOfSuffering"]
[Black "GMKrikor"]
[Result "0-1"]
[WhiteElo "2441"]
[BlackElo "2789"]
[TimeControl "180+1"]
[EndTime "14:06:54 PST"]
[Termination "GMKrikor won by resignation"]

1. Nf3 d5 2. d4 Bf5 3. c4 e6 4.
Qb3 Nc6 5. Nc3 Nb4 6. e4 dxe4 7.
Ne5 Qxd4 8. Bf4 e3 9. fxe3 Qb6 10. Rc1 Nf6 11. Be2 Bd6 12. Nb5 O-O 13. O-O Bc5 14. a3 Nc6 15. Qc3 Nxe5 16. Qxe5 Ne4 17. Qxc7 Bxe3+ 18. Kh1 Bxc1 19. Qxb6 axb6 20. Rxc1 Nc5 21. b4 Nd3 22.
Bxd3 Bxd3 23. Be3 Rfc8 24. Nd6 Rc6 25. c5 bxc5 26. bxc5 b6 27. Rd1 bxc5 28. Rxd3 Rd8 29. Bf4 c4 30. Rd1 f6 0-1

[Event "Late-Titled-Tuesday-Blitz-January-23-2024"]
[Site "Chess.com"]
[Date "2024.01.23"]
[Round "1"]
[White "N18player"]
[Black "Sebastian"]
[Result "0-1"]
[WhiteElo "2515"]
[BlackElo "3005"]
[TimeControl "180+1"]
[EndTime "14:06:55 PST"]
[Termination "Sebastian won on time"]

1. Nf3 Nf6 2. c4 e6 3. Nc3 d5 4. e3 b6 5. b3 Bb7 6. cxd5 exd5 7.
Bb2 Nbd7 8. d4 Bd6 9. Bd3 a6 10. O-O Qe7 11. Ne2 O-O-O 12. Ng3 g6 13. Qe2 a5 14. a3 h5 15. Rfc1 h4 16. Nf1 Ne4 17. b4 a4 18. N1d2 g5 19. Bxe4 dxe4 20. Ne5 Nxe5 21.
dxe5 Bxe5 22. Nc4 Bxb2 23. Nxb2 h3 24. g3 Kb8 25. Nxa4 Qf6 26. Nc3 Rd3 27. Nb5 Rhd8 28. Nd4 Rd6 29. Rd1 c5 30. bxc5 bxc5 31. Nb5 Rd2 32.
Nxd6 Rxe2 0-1

[Event "Late-Titled-Tuesday-Blitz-January-23-2024"]
[Site "Chess.com"]
[Date "2024.01.23"]
[Round "1"]
[White "sebastianmarinp"]
[Black "Lennis93"]
[Result "0-1"]
[WhiteElo "2405"]
[BlackElo "2728"]
[TimeControl "180+1"]
[EndTime "14:06:55 PST"]
[Termination "Lennis93 won on time"]

1. d4 Nf6 2. c4 e6 3. g3 d5 4. Bg2 Bd6 5. Nf3 O-O 6. O-O h6 7.
Nbd2 Re8 8. Qc2 Nc6 9. e4 dxe4 10.
Nxe4 Nxe4 11. Qxe4 e5 12. Re1 f5 13. Qd5+ Be6 14.
Qb5 a6 15. Qa4 e4 16. Ng5 Bd7 17. c5 hxg5 18. cxd6 cxd6 19. Qb3+ Be6 20. d5 Na5 21. Qd1 Bf7 22. Be3 Nc4 23. Bd4 g4 24. b3 Ne5 25.
Bxe5 Rxe5 26. Bf1 Rxd5 27. Qc1 Rc5 28. Qf4 Qf6 29. Rad1 Rd8 30. Rd2 d5 31. Red1 d4 32. h4 d3 0-1

[Event "Late-Titled-Tuesday-Blitz-January-23-2024"]
[Site "Chess.com"]
[Date "2024.01.23"]
[Round "1"]
[White "jamengrand"]
[Black "Squirlolz"]
[Result "0-1"]
[WhiteElo "2248"]
[BlackElo "2584"]
[TimeControl "180+1"]
[EndTime "14:06:55 PST"]
[Termination "Squirlolz won by resignation"]

1. e4 d6 2. d4 Nf6 3. Nc3 c6 4. h3 Qa5 5. Bd3 e5 6. Nf3 g6 7. O-O Bg7 8. dxe5 dxe5 9. Nd2 O-O 10. Nc4 Qc7 11. a4 Be6 12. a5 Nbd7 13. Qe2 b5 14.
axb6 axb6 15. Bg5 b5 16. Ne3 Nc5 17. b4 Na4 18. Nxa4 bxa4 19. Ra3 Rfb8 20. c3 Bb3 21. Rfa1 c5 22. Bxf6 Bxf6 23. b5 Bg5 24. Bc4 Bxc4 25. Nxc4 Rxb5 26. Rxa4 Rb1+ 27. Rxb1 Rxa4 28. Qd3 Kg7 29.
g3 Qd8 30. Qe2 Qe7 31. Kg2 Qe6 32. Nb6 Ra2 33. Qd3 Qf6 34. Qf3 Qxf3+ 35. Kxf3 Ra3 36. Nd5 Bd2 37. Rb3 Rxb3 0-1

[Event "Late-Titled-Tuesday-Blitz-January-23-2024"]
[Site "Chess.com"]
[Date "2024.01.23"]
[Round "1"]
[White "FrankDux44"]
[Black "Hirna2005"]
[Result "0-1"]
[WhiteElo "2581"]
[BlackElo "2279"]
[TimeControl "180+1"]
[EndTime "14:06:56 PST"]
[Termination "Hirna2005 won by resignation"]

1. e4 g6 2. Nc3 Bg7 3. g3 c5 4. Bg2 Nc6 5. d3 d6 6. Be3 Nf6 7. h3 O-O 8. Qd2 Nd4 9. Nge2 e5 10. f4 Rb8 11. O-O b5 12. fxe5 dxe5 13. Bg5 Qd6 14.
Nxd4 cxd4 15. Ne2 Nd7 16. g4 f6 17. Bh6 Nc5 18. Bxg7 Kxg7 19. Rf2 Bd7 20. Raf1 Rf7 21. g5 Rbf8 22. Ng3 fxg5 23. Rxf7+ Rxf7 24. Rxf7+ Kxf7 25.
Qxg5 Qf6 26. Qd2 Ne6 27. Qa5 Qf4 28. Nf1 Ng5 29. Qxa7 Ke7 30. Qc5+ Ke8 31. Qd6 Bxh3 32. Qc6+ Kf7 33. Qb7+ Kg8 34. Qd5+ Kg7 35. Bxh3 Nxh3+ 36. Kg2 Qg4+ 37. Kh2 Nf4 38. Qxe5+ Kh6 0-1

[Event "Late-Titled-Tuesday-Blitz-January-23-2024"]
[Site "Chess.com"]
[Date "2024.01.23"]
[Round "1"]
[White "Qvalda"]
[Black "krzyzan94"]
[Result "0-1"]
[WhiteElo "2438"]
[BlackElo "2781"]
[TimeControl "180+1"]
[EndTime "14:06:57 PST"]
[Termination "krzyzan94 won by resignation"]

1. Nf3 Nf6 2. g3 d5 3. Bg2 b5 4. O-O e6 5. a4 b4 6. a5 Be7 7. d4 O-O 8. c4 bxc3 9. Nxc3 Ba6 10. Na4 Nbd7 11. Bd2 c5 12. dxc5 Nxc5 13. Nxc5 Bxc5 14. b4 Bd6 15. Nd4 Qd7 16. Rb1 Bc4 17. b5 Rab8 18. b6 axb6 19. axb6 Bc5 20. Ba5 e5 21. Nf3 Qd6 22.
Nd2 Ba6 23. Qb3 Bxe2 24. Rfe1 Ba6 25. Qb2 Bxf2+ 26. Kh1 Bxe1 27. Rxe1 Ng4 28. Nf3 Qc5 29. Bb4 Qxb6 30. h3 Nf2+ 31. Kh2 Nd3 32. Qa1 Qxb4 33. Rd1 e4 34. Nh4 Bc8 35. Qa7 Be6 36. Qc7 Rfc8 37. Qa7 Qc5 38. Qa1 Rb2 39. Rxd3 Rxg2+ 40. Nxg2 exd3 41.
Qe1 Qc2 42. g4 d2 0-1

[Event "Late-Titled-Tuesday-Blitz-January-23-2024"]
[Site "Chess.com"]
[Date "2024.01.23"]
[Round "1"]
[White "CarrotsandPizza"]
[Black "AungTZ"]
[Result "1-0"]
[WhiteElo "2556"]
[BlackElo "2092"]
[TimeControl "180+1"]
[EndTime "14:06:58 PST"]
[Termination "CarrotsandPizza won on time"]

1. e4 c5 2. Nf3 Nc6 3. d4 cxd4 4.
Nxd4 Nf6 5. Nc3 d6 6. Bc4 Qb6 7. Nxc6 bxc6 8. O-O e6 9. b3 Be7 10. Bb2 O-O 11. Bd3 Qc7 12. Qe2 d5 13. Rfe1 a5 14. e5 Ne8 15. Na4 g6 16. Rac1 c5 17. c4 d4 18.
Rcd1 Bb7 19. Bc1 Ng7 20. Qg4 Bc6 21. Be4 Bxe4 22. Rxe4 Rad8 23. Rd3 Nf5 24. Bd2 h5 25. Qe2 Kg7 26. f3 Rh8 27. g3 Ra8 28. Bc1 Rhc8 29.
g4 hxg4 30. fxg4 Nh4 31. Rh3 Qd8 32. Bd2 Bg5 33. Be1 Qe7 34. Kh1 Rh8 35. Nb2 Rad8 36. Nd3 Ra8 37. Nb2 Rac8 38. Qd3 1-0

[Event "Late-Titled-Tuesday-Blitz-January-23-2024"]
[Site "Chess.com"]
[Date "2024.01.23"]
[Round "1"]
[White "only_strong_moves"]
[Black "Oleksandr_Bortnyk"]
[Result "0-1"]
[WhiteElo "2533"]
[BlackElo "3073"]
[TimeControl "180+1"]
[EndTime "14:07:00 PST"]
[Termination "Oleksandr_Bortnyk won by resignation"]

1. e4 g6 2. d4 Bg7 3. Nc3 c6 4. f4 d5 5. e5 h5 6. Bd3 Nh6 7. Be3 Ng4 8. Bc1 Bf5 9. h3 Nh6 10. Be3 Bxd3 11. Qxd3 Nf5 12. Bf2 e6 13. Nge2 h4 14.
O-O-O Bf8 15. Kb1 b5 16. g4 hxg3 17. Nxg3 b4 18. Na4 Qa5 19. b3 Nd7 20. Nxf5 gxf5 21. Be1 Nb6 22. Nb2 Rc8 23. c4 bxc3 24. Bxc3 Bb4 25.
Rc1 c5 26. dxc5 Rxc5 27. Bd4 Rxc1+ 28. Rxc1 Kd7 29. Bxb6 axb6 30. Qc2 Bc5 31. Nd3 Rxh3 32. Nxc5+ bxc5 33. Qxc5 Qxc5 34. Rxc5 Rf3 35. a4 Rxb3+ 36. Ka2 Rb4 37. Ka3 Rxf4 38. a5 Rc4 39. Rb5 Rc1 40.
Rb7+ Kc6 41. Rxf7 Ra1+ 42. Kb4 d4 43. Re7 Kd5 44. Kb5 Rb1+ 45. Ka4 Kxe5 46. Rc7 d3 47.
Rd7 Ke4 48. a6 e5 49. a7 Ra1+ 50. Kb5 f4 51. Kc4 f3 52. Rh7 d2 53. Rh1 Rxa7 0-1

[Event "Late-Titled-Tuesday-Blitz-January-23-2024"]
[Site "Chess.com"]
[Date "2024.01.23"]
[Round "1"]
[White "FM_Kappeler"]
[Black "iulik86"]
[Result "0-1"]
[WhiteElo "2257"]
[BlackElo "2596"]
[TimeControl "180+1"]
[EndTime "14:07:01 PST"]
[Termination "iulik86 won on time"]

1. d4 d5 2. c4 e6 3. Nf3 Nf6 4. g3 Bb4+ 5. Bd2 a5 6. Bg2 O-O 7. O-O c5 8. cxd5 cxd4 9. dxe6 Bxe6 10. Bg5 Nc6 11. Nbd2 h6 12. Bxf6 Qxf6 13. Ne4 Qg6 14. Nh4 Qh5 15. Rc1 Be7 16. Nf3 Rad8 17. a3 Qb5 18.
Qd2 Rfe8 19. Rfd1 Bb3 20. Re1 Bf8 21. Qf4 Bd5 22. Nh4 Qxb2 23. Nf5 Bxe4 24. Bxe4 Ne5 25. Rc7 Qb6 26. Nxh6+ Qxh6 27. Qf5 g6 28. Qf6 Qg7 29. Qb6 Nd7 30. Qxb7 Nc5 31. Rxc5 Bxc5 32. Bc6 Re7 33. Qb5 Bxa3 34. Qxa5 Bd6 35. Qxd8+ Kh7 36. Qxd6 Re6 37. Qc5 d3 0-1

[Event "Late-Titled-Tuesday-Blitz-January-23-2024"]
[Site "Chess.com"]
[Date "2024.01.23"]
[Round "1"]
[White "brunomorado"]
[Black "rychessmaster1"]
[Result "0-1"]
[WhiteElo "2405"]
[BlackElo "2728"]
[TimeControl "180+1"]
[EndTime "14:07:02 PST"]
[Termination "rychessmaster1 won by resignation"]

1. d4 Nf6 2. Nc3 d5 3. Bg5 Nbd7 4. Qd3 c6 5. f3 e5 6. dxe5 Nxe5 7. Qd4 Ng6 8. e4 Be7 9. O-O-O Be6 10. e5 Nd7 11. Bxe7 Nxe7 12. f4 Qb6 13. Qxb6 axb6 14. Nf3 O-O 15.
h3 h5 16. Rg1 Ng6 17. g3 Nc5 18.
a3 Rfe8 19. Bd3 Nxd3+ 20. cxd3 Bxh3 21. d4 Ne7 22. Rd3 f6 23. Nd1 Bf5 24. Rc3 Be4 25.
Nf2 Nf5 26. Rd1 Ra4 27. exf6 gxf6 28. Nxe4 dxe4 29. Nh4 Nxd4 30. f5 Ne2+ 0-1

[Event "Late-Titled-Tuesday-Blitz-January-23-2024"]
[Site "Chess.com"]
[Date "2024.01.23"]
[Round "1"]
[White "alexgo05"]
[Black "Thjop"]
[Result "0-1"]
[WhiteElo "2331"]
[BlackElo "2641"]
[TimeControl "180+1"]
[EndTime "14:07:02 PST"]
[Termination "Thjop won by resignation"]

1. Nf3 Nf6 2. b3 d6 3. Bb2 e5 4. e3 g6 5. d4 e4 6. Nfd2 Bg7 7. c4 O-O 8. Nc3 Re8 9. Be2 h5 10. Qc2 Bf5 11. h3 h4 12. O-O-O Nc6 13. Nf1 g5 14. a3 Bg6 15. g3 a5 16. gxh4 gxh4 17.
Nh2 Ne7 18. Rhg1 c6 19. Ng4 d5 20. c5 Nxg4 21. Rxg4 Bf6 22. Rdg1 Kg7 23. Bd1 Rh8 24.
Ne2 Kf8 25. Nf4 Bf5 26. R4g2 Ke8 27. Bg4 Qd7 28. Kb1 Kd8 29. Bc3 Bxg4 30. hxg4 Bg5 31.
Qd2 a4 32. Ba5+ Ke8 33. bxa4 f6 34. Nh3 Kf7 35. Nxg5+ fxg5 36. f3 exf3 37. Rf2 Kg7 38. Rxf3 Qe6 39. Ka2 Rhf8 40. Rgf1 Rxf3 41. Rxf3 Rf8 42.
Rxf8 Kxf8 43. Qf2+ Kg7 44. Bc7 Ng6 45. Qf5 Qxf5 46.
gxf5 Ne7 47. Be5+ Kf7 48. Kb3 Nxf5 49. Kb4 Nxe3 50. Ka5 Nc4+ 51. Kb4 Nxe5 0-1

[Event "Late-Titled-Tuesday-Blitz-January-23-2024"]
[Site "Chess.com"]
[Date "2024.01.23"]
[Round "1"]
[White "Filipets"]
[Black "familijatop71"]
[Result "1-0"]
[WhiteElo "2596"]
[BlackElo "2261"]
[TimeControl "180+1"]
[EndTime "14:07:03 PST"]
[Termination "Filipets won by resignation"]

1. e4 d5 2. exd5 Qxd5 3. Nc3 Qa5 4. d4 c6 5. Bc4 Nf6 6. Nf3 Bf5 7. O-O e6 8. Bb3 Bb4 9. Bd2 Nbd7 10. a3 Bxc3 11. Bxc3 Qc7 12. Qe2 O-O 13. Rad1 a5 14. a4 Rad8 15. Ne5 Nxe5 16. dxe5 Ne4 17. Rxd8 Rxd8 18.
f3 Qb6+ 19. Kh1 Nxc3 20. bxc3 Qc5 21. Rd1 Rxd1+ 22. Qxd1 h6 23. Qd4 Qxd4 24. cxd4 Kf8 25. Kg1 Ke7 26. Kf2 b5 27. Ke3 Kd7 28. g4 Bg6 29. h4 Kc7 30. f4 Kb6 31. f5 exf5 32. h5 Bh7 33. Bxf7 Kc7 34. gxf5 Bxf5 35. Bb3 Bg4 36. c4 bxc4 37. Bxc4 Bxh5 38. Kf4 Bd1 39. Kf5 Bxa4 40. Ke6 h5 41. Kf7 h4 42. e6 h3 43. e7 c5 44. dxc5 h2 45. Bd5 Bb5 46. c6 Bxc6 47. Bxc6 a4 48. e8=Q 1-0

[Event "Late-Titled-Tuesday-Blitz-January-23-2024"]
[Site "Chess.com"]
[Date "2024.01.23"]
[Round "1"]
[White "oskariot"]
[Black "sergeikim"]
[Result "0-1"]
[WhiteElo "2712"]
[BlackElo "2422"]
[TimeControl "180+1"]
[EndTime "14:07:04 PST"]
[Termination "sergeikim won by checkmate"]

1. e4 e5 2. Nf3 Nc6 3. Nc3 Nf6 4. h3 g6 5. Bc4 Bg7 6. d3 O-O 7. a4 d6 8. a5 a6 9. O-O h6 10. Be3 Kh7 11. Re1 Nh5 12. d4 exd4 13. Nxd4 Ne5 14. Be2 Nf6 15. f4 Nc6 16. Bf3 Re8 17. Qd2 Qe7 18.
Nxc6 bxc6 19. Kh1 Rb8 20. e5 dxe5 21. fxe5 Nd7 22. Bxc6 Rd8 23. Rad1 Rxb2 24. Nd5 Qe6 25. Qc3 Nxe5 26. Qxb2 Qxc6 27. Qb3 Be6 28. Nb4 Rxd1 29. Rxd1 Qe4 30. Nd5 c6 31. Rd4 Qf5 32. Qb6 Bxd5 33. Kh2 Qxc2 34. Rd2 Qe4 35. Bd4 Nc4 36. Rd1 Qxg2# 0-1

[Event "Late-Titled-Tuesday-Blitz-January-23-2024"]
[Site "Chess.com"]
[Date "2024.01.23"]
[Round "1"]
[White "jcmesafischer"]
[Black "yaguigor"]
[Result "1-0"]
[WhiteElo "2352"]
[BlackElo "2628"]
[TimeControl "180+1"]
[EndTime "14:07:04 PST"]
[Termination "jcmesafischer won on time"]

1. e4 c5 2. Nf3 e6 3. g3 Nc6 4.
Bg2 d6 5. O-O Bd7 6. Re1 Be7 7.
c3 Nf6 8. d4 cxd4 9. cxd4 d5 10. Nc3 dxe4 11. Nxe4 O-O 12. Ne5 Nd5 13. Nc3 Nxc3 14.
bxc3 Nxe5 15. Rxe5 Qc7 16. Bf4 Bd6 17. Rc5 Bc6 18. Bxd6 Qxd6 19. Bxc6 bxc6 20. Qa4 Rfc8 21. Rb1 Rc7 22. Qa6 g6 23. Rb7 Rac8 24. Rxa7 Kg7 25. Rxc7 Rxc7 26. a4 Qd7 27. a5 Ra7 28. Qe2 Rb7 29.
a6 Rb1+ 30. Kg2 Ra1 31. Qc4 e5 32. Rxe5 h5 33. h4 Qg4 34. Re7 Qf5 35. Qe2 Ra5 36. Re5 Qf6 37. Rxa5 1-0

[Event "Late-Titled-Tuesday-Blitz-January-23-2024"]
[Site "Chess.com"]
[Date "2024.01.23"]
[Round "1"]
[White "koziororo"]
[Black "Maect19"]
[Result "0-1"]
[WhiteElo "2603"]
[BlackElo "2324"]
[TimeControl "180+1"]
[EndTime "14:07:04 PST"]
[Termination "Maect19 won by resignation"]

1. e4 e6 2. Nc3 d5 3. Qe2 dxe4 4. Nxe4 Bd7 5. g3 Bc6 6. Bg2 Nd7 7. d4 Bxe4 8. Bxe4 c6 9. c3 Ngf6 10. Bg2 Be7 11.
Nf3 O-O 12. O-O a5 13. Bd2 Qb6 14. b3 Rfd8 15. Rfe1 Nf8 16. Ne5 Ng6 17. Nc4 Qc7 18. h4 b5 19. Ne5 Nxe5 20. Qxe5 Qxe5 21. Rxe5 Rac8 22. Re2 b4 23. Rc1 bxc3 24. Bxc3 Bb4 25. Bxb4 axb4 26. Rc4 Nd5 27. Rec2 Ne7 28. Rxb4 h6 29.
a4 Rb8 30. Rxb8 Rxb8 31. Rb2 Rb4 32. a5 Rxd4 33. a6 Rd1+ 34. Kh2 Ra1 35. Rd2 Rxa6 36.
Rd7 Nd5 37. Rb7 Ra2 38. Kg1 Ra1+ 39. Kh2 Ra2 40. Bxd5 cxd5 41. Kg2 Rb2 42. Kf3 g6 43. h5 gxh5 44. Ke3 Kg7 45. f4 Kf6 46. Kf3 Kg6 47. Rb6 Kf5 48. Rb8 f6 49. Rb5 Rc2 50. Rb8 Rc3+ 51. Kg2 Ke4 52. b4 e5 53. fxe5 fxe5 54.
b5 Rc2+ 55. Kf1 Rb2 56. b6 Kf3 57. Ke1 Ke3 58. Kd1 d4 59. b7 e4 60. Kc1 Rb4 61.
Kc2 d3+ 62. Kc3 Rb1 0-1